 Dungeon Crawl Stone Soup version 0.29-a0-813-g4a14ea37d6 (webtiles) character file.

Game seed: 329768404844687014

175735 chrisa4242 the Crack Shot (level 17, -8/92 HPs)
             Began as a Gargoyle Hunter on July 4, 2022.
             Was the Champion of Okawaru.
             Mangled by a titanic slime creature (26 damage)
             ... on level 13 of the Dungeon.
             The game lasted 01:13:11 (29270 turns).

chrisa4242 the Crack Shot (Gargoyle Hunter)        Turns: 29270, Time: 01:13:11

Health: -8/92      AC: 26    Str: 20    XL:     17   Next: 47%
Magic:  0/17       EV: 20    Int: 11    God:    Okawaru [******]
Gold:   2835       SH:  0    Dex: 21    Spells: 16/16 levels left

rFire   . . .      SeeInvis +   k - +8 arbalest
rCold   + + +      Faith    .   (shield currently unavailable)
rNeg    + . .      Spirit   +   T - +4 skin of Zhor {*Englaciate rC+++ SInv}
rPois   ∞          Reflect  .   M - +0 helmet
rElec   +          Harm     .   l - +2 cloak
rCorr   +          Rampage  +   F - +0 pair of gloves of the Assorted Tusks {Rampage}
Will    ++...                   S - +2 pair of boots of the Yeti {rCorr Dex-5 Slay+3}
Stlth   +++.......              V - amulet "Gerpha Qepsy" {Spirit Contam +Inv Str+4 SInv}
HPRegen 0.25/turn               t - +4 ring of slaying
MPRegen 0.15/turn               U - ring "Wuulur" {*Corrode rPois Will+ Dex+7 Stlth+}

@: flying, hasted, very quick
A: sickness immunity, AC +12, big wings, negative energy resistance 1,
electricity resistance, torment resistance 1, petrification resistance
}: 2/15 runes: serpentine, barnacled
a: Renounce Religion, Evoke Invisibility, Heroism, Finesse, Duel


You were on level 13 of the Dungeon.
You worshipped Okawaru.
Okawaru was exalted by your worship.
You visited 6 branches of the dungeon, and saw 30 of its levels.
You also visited: Sewer and Gauntlet.

You collected 3782 gold pieces.
You spent 947 gold pieces at shops.

Inventory:

Hand Weapons
 c - a +2 shortbow of freezing
 k - a +8 arbalest (weapon)
 q - the +6 longbow of Infinity {vorpal, Will++ rCorr Dex+2 Stlth-}
   (You found it on level 4 of the Shoals)

   Any ammunition fired from it inflicts extra damage upon your enemies.
   Dex:       It affects your dexterity (+2).
   rCorr:     It protects you from acid and corrosion.
   Will:      It greatly increases your willpower.
   Stlth:     It makes you less stealthy.
 C - a +3 arbalest of flaming
 G - the +9 mace of Aplaroxi {vamp, *Noise rPois rC++ Str+3}
   (You bought it in a shop on level 10 of the Dungeon)

   It occasionally heals its wielder for a portion of the damage dealt when it
   wounds a living foe.
   Str:       It affects your strength (+3).
   rC:        It greatly protects you from cold.
   rPois:     It protects you from poison.
   *Noise:    It may make noises in combat.
 I - the +8 arc blade {discharge, rElec}
   (You found it on level 10 of the Dungeon)

   It occasionally unleashes powerful arcs of lightning upon striking a foe.
   These may arc to other adjacent creatures (including the wielder, but dealing
   reduced damage to them) before grounding out.
   rElec:     It insulates you from electricity.
Missiles
 m - 4 throwing nets
Armour
 f - the +0 buckler "Learph" {Str+2}
   (Okawaru gifted it to you on level 4 of the Shoals)

   Str:       It affects your strength (+2).
 l - a +2 cloak (worn)
 o - a +0 troll leather armour
 A - the +2 helmet "Giorhaen" {rCorr Str+7 Slay-2 Stlth+}
   (You found it in a Gauntlet)

   Str:       It affects your strength (+7).
   Slay:      It affects your accuracy & damage with ranged weapons and melee
   (-2).
   rCorr:     It protects you from acid and corrosion.
   Stlth:     It makes you more stealthy.
 F - the +0 pair of gloves of the Assorted Tusks (worn) {Rampage}
   (Okawaru gifted it to you on level 6 of the Lair of Beasts)

   Rampage:   It bestows one free step when moving towards enemies.
 M - a +0 helmet (worn)
 S - the +2 pair of boots of the Yeti (worn) {rCorr Dex-5 Slay+3}
   (Okawaru gifted it to you on level 3 of the Lair of Beasts)

   Dex:       It affects your dexterity (-5).
   Slay:      It affects your accuracy & damage with ranged weapons and melee
   (+3).
   rCorr:     It protects you from acid and corrosion.
 T - the +4 skin of Zhor (worn) {*Englaciate rC+++ SInv}
   (You found it on level 6 of the Lair of Beasts)

   It radiates cold, occasionally slowing all nearby creatures who are not
   resistant to cold.
   rC:        It renders you almost immune to cold.
   SInv:      It lets you see invisible.
 X - a +3 scale mail of willpower
Jewellery
 a - a ring of willpower
 t - a +4 ring of slaying (left hand)
 x - an amulet of faith
 P - a ring of protection from fire
 U - the ring "Wuulur" (right hand) {*Corrode rPois Will+ Dex+7 Stlth+}
   (You found it in a Gauntlet)

   [ring of willpower]

   Dex:       It affects your dexterity (+7).
   rPois:     It protects you from poison.
   *Corrode:  It may corrode you when you take damage.
   Will:      It increases your willpower.
   Stlth:     It makes you more stealthy.
 V - the amulet "Gerpha Qepsy" (around neck) {Spirit Contam +Inv Str+4 SInv}
   (You took it off a minotaur in a Gauntlet)

   [amulet of guardian spirit]

   It causes incoming damage to be divided between your reserves of health and
   magic.
   Str:       It affects your strength (+4).
   SInv:      It lets you see invisible.
   +Inv:      It lets you turn invisible.
   Contam:    It causes magical contamination when unequipped.
Wands
 v - a wand of flame (85)
 D - a wand of paralysis (12)
 J - a wand of mindburst (5)
 Q - a wand of digging (2)
Scrolls
 b - 2 scrolls of silence
 e - 7 scrolls of enchant armour
 g - a scroll of amnesia
 i - 7 scrolls of teleportation
 p - 3 scrolls of magic mapping
 r - a scroll of blinking
 R - a scroll of fear
 W - a scroll of fog
Potions
 d - 3 potions of invisibility
 h - 10 potions of curing
 j - 2 potions of ambrosia
 u - 2 potions of resistance
 w - 5 potions of lignification
 z - a potion of haste
 B - 6 potions of mutation
 L - 3 potions of brilliance
 N - 3 potions of might
Miscellaneous
 n - a box of beasts
 s - a phantom mirror


   Skills:
 + Level 5.4 Fighting
 + Level 6.1 Short Blades
 + Level 25.7 Ranged Weapons
 + Level 11.2 Dodging
 - Level 1.1 Stealth
 + Level 1.3 Invocations
 + Level 4.5 Evocations


You had 16 spell levels left.
You didn't know any spells.
Your spell library contained the following spells:

 Spells                   Type           Power      Damage    Failure   Level
 Apportation              Tloc           0%         N/A       34%         1
 Necrotise                Necr           0%         1d4       34%         1
 Sandblast                Erth           0%         2d4       34%         1
 Passwall                 Tmut/Erth      0%         N/A       47%         2
 Scorch                   Fire           0%         2d5       47%         2
 Static Discharge         Conj/Air       0%         3-3/arc   47%         2
 Confusing Touch          Hex            0%         N/A       71%         3
 Conjure Flame            Conj/Fire      0%         6-21      71%         3
 Dazzling Flash           Conj/Hex       0%         N/A       71%         3
 Ignite Poison            Fire/Tmut/Pois 0%         N/A       71%         3
 Portal Projectile        Hex/Tloc       0%         N/A       71%         3
 Stone Arrow              Conj/Erth      0%         3d7       71%         3
 Dispel Undead            Necr           0%         3d6       98%         4
 Iskenderun's Mystic Bla  Conj/Tloc      0%         2d3       98%         4
 Olgreb's Toxic Radiance  Pois           0%         N/A       98%         4
 Sticky Flame             Conj/Fire      0%         2d3       98%         4
 Blade Hands              Tmut           0%         N/A       100%        5
 Metabolic Englaciation   Hex/Ice        0%         N/A       100%        5
 Yara's Violent Unravell  Hex/Tmut       0%         3d3       100%        5
 Starburst                Conj/Fire      0%         6d3       100%        6
 Enfeeble                 Hex            0%         N/A       100%        7
 Ozocubu's Refrigeration  Ice            0%         4d5       100%        7
 Storm Form               Tmut/Air       0%         N/A       100%        7
 Ignition                 Fire           0%         3d3       100%        8
 Lehudib's Crystal Spear  Conj/Erth      0%         10d2      100%        8
 Maxwell's Capacitive Co  Air            0%         ∞         100%        8
 Summon Small Mammal      Summ           Unusable   N/A       N/A         1
 Tukima's Dance           Hex            Unusable   N/A       N/A         3
 Animate Armour           Summ/Erth      Unusable   N/A       N/A         4
 Summon Lightning Spire   Summ/Air       Unusable   N/A       N/A         4

Dungeon Overview and Level Annotations

Branches:
Dungeon (13/15)            Temple (1/1) D:4            Lair (6/6) D:11
 Shoals (4/4) Lair:4        Snake (4/4) Lair:4        Slime (0/5) Lair:5
    Orc (2/2) D:12            Elf (0/3) Orc:2         Sewer (visited)
Gauntlet (visited)
 Vaults: D:13-14

Altars:
Ashenzari
Cheibriados
Dithmenos
Elyvilon
Fedhas
Gozag
Hepliaklqana
Kikubaaqudgha
Makhleb
Nemelex Xobeh
Okawaru
Qazlal
Ru
Sif Muna
Trog
Uskayaw
Vehumet
Wu Jian
Xom
Yredelemnul
The Shining One
Jiyva

Shops:
D:1 (   D:5 [   D:8 [   D:10 (   D:11 !   Orc:2 (=(:!

Annotations:
D:2 Crazy Yiuf
D:6 2 runed translucent doors, puppykicker's ghost, novice PaCA
Lair:6 2 runed translucent doors
Shoals:3 Bai Suzhen


Innate Abilities, Weirdness & Mutations

You are immune to sickness and miasma.
Your stone body is resilient. (AC +12)
You are immune to poison.
Your large and strong wings let you fly.
You resist negative energy. (rN+)
You are resistant to electric shocks. (rElec)
You are resistant to unholy torment.
You are immune to petrification.


Message History

Okawaru accepts your kill.
Two slime creatures merge to form a large slime creature.
You shoot a bolt.
The bolt completely misses the large slime creature.
The bolt barely misses the large slime creature.
Two slime creatures merge to form an enormous slime creature.
You shoot a bolt.
The bolt hits the enormous slime creature.
The enormous slime creature is lightly wounded.
You shoot a bolt.
The bolt hits the enormous slime creature!!
The enormous slime creature is lightly wounded.
Two slime creatures merge to form a titanic slime creature.
You shoot a bolt.
The bolt hits the titanic slime creature!
The titanic slime creature is lightly wounded.
You shoot a bolt.
The bolt hits the titanic slime creature!!!
The titanic slime creature is moderately wounded.
You shoot a bolt.
The bolt hits the titanic slime creature!
The titanic slime creature is moderately wounded.
You shoot a bolt.
The bolt hits the titanic slime creature!!
The titanic slime creature is moderately wounded.
The titanic slime creature barely misses you.
You shoot a bolt.
The bolt hits the titanic slime creature!!
The titanic slime creature is heavily wounded.
The titanic slime creature hits you!!!!
Ouch! That really hurt!
* * * LOW HITPOINT WARNING * * *
You are too injured to fight recklessly!
Okay, then.
Okay, then.
Okay, then.
Okay, then.
Okay, then.
You feel yourself speed up. The titanic slime creature hits you!!
You die...

####.###########
.......@J.......
.##...#########.
###


You could see a titanic slime creature.

Vanquished Creatures
  5 nagarajas
  A frost giant (Shoals:4)
  An orc warlord (D:12)
  A minotaur (Gauntlet)
  The ghost of Gofead the Spry, a journeyman OpAr of Gozag (Lair:4)
  The ghost of Sabo the Cleaver, a journeyman GrFi of Ignis (Snake:2)
  3 merfolk impalers (Shoals:4)
  A merfolk javelineer (Shoals:4)
  A salamander tyrant (Snake:4)
  A boulder beetle (Lair:6)
  10 hydras
  10 two-headed ogres
  3 alligator snapping turtles
  A catoblepas (Gauntlet)
  3 merfolk avatars
  13 naga warriors
  4 merfolk aquamancers
  4 anacondas
  2 ogre magi (Orc:2)
  A satyr (Shoals:4)
  4 death yaks (Lair:6)
  8 naga sharpshooters
  An orc high priest (Orc:1)
  5 shock serpents
  3 salamander mystics
  3 sea snakes
  2 deep trolls (Orc:2)
  7 naga ritualists
  A lindwurm (Lair:6)
  10 harpies
  15 mana vipers
  An oklob plant (Orc:2)
  3 orc sorcerers
  An ugly thing (D:12)
  A spectral boulder beetle (Lair:4)
  4 salamanders
  4 cyclopes
  7 manticores
  24 black mambas
  6 merfolk sirens
  10 elephants
  2 guardian serpents (Snake:3)
  2 water nymphs (Shoals:4)
  A smoke demon (Gauntlet)
  3 torpor snails
  19 naga magi
  2 unseen horrors
  2 minotaur zombies (Gauntlet)
  16 cane toads
  5 rime drakes
  12 komodo dragons
  Psyche (D:8)
  12 merfolk
  2 hornets
  15 trolls
  5 snapping turtles
  3 wind drakes
  2 polar bears
  4 slime creatures
  4 blink frogs (Lair:6)
  Grinder (D:3)
  12 dream sheep
  A spectral black mamba (Lair:4)
  Sigmund (D:5)
  2 shadows (D:11)
  22 yaks
  2 basilisks
  5 water elementals
  A vampire (D:12)
  6 wyverns
  3 steam dragons
  10 vampire mosquitoes
  43 nagas
  2 wargs (Orc:2)
  An acid dragon (D:6)
  17 water moccasins
  4 ice beasts
  4 hell hounds (Lair:6)
  18 orc warriors
  A sky beast (D:4)
  A swamp drake (D:12)
  2 black mamba simulacra (Lair:4)
  22 ogres
  22 wolves
  A centaur (D:9)
  2 kobold brigands (D:9)
  15 bullfrogs
  2 necrophages
  A cane toad simulacrum (Lair:4)
  3 scorpions
  8 wights
  2 electric eels
  5 howler monkeys
  2 jellies
  A hound (D:5)
  5 gnoll boudas
  14 orc priests
  3 iguanas
  14 orc wizards
  A statue (D:7)
  16 gnolls
  10 adders
  3 white imps
  An ufetubus (D:5)
  3 worms
  4 dart slugs
  49 orcs
  8 endoplasms
  5 giant cockroaches
  4 goblins
  2 hobgoblins (D:1)
  7 jackals
  2 quokkas (D:2)
  8 ball pythons
  18 bats
  5 frilled lizards
  16 kobolds
  2 rats
744 creatures vanquished.

Vanquished Creatures (others)
  Asterion (Snake:3)
  A sea snake (Shoals:4)
  37 fungi
  131 plants
170 creatures vanquished.

Grand Total: 914 creatures vanquished

Notes
Turn   | Place    | Note
-------+----------+-------------------------------------------
     0 | D:1      | chrisa4242 the Gargoyle Hunter began the quest for the Orb.
     0 | D:1      | Reached XP level 1. HP: 12/12 MP: 1/1
   140 | D:1      | Reached XP level 2. HP: 17/17 MP: 2/2
   178 | D:1      | Found Munokh's Weapon Boutique.
   319 | D:1      | Reached XP level 3. HP: 7/21 MP: 3/3
   573 | D:1      | Reached skill level 5 in Ranged Weapons
   957 | D:1      | Found a faded altar of an unknown god.
  1221 | D:2      | Reached XP level 4. HP: 15/26 MP: 4/4
  1370 | D:2      | Found a runed translucent door.
  1371 | D:2      | Noticed Crazy Yiuf
  1391 | D:2      | Found a basalt altar of Yredelemnul.
  2002 | D:3      | Found a hide-covered altar of Uskayaw.
  2009 | D:3      | Reached skill level 6 in Ranged Weapons
  2109 | D:3      | Found a shimmering blue altar of Sif Muna.
  2318 | D:3      | Reached XP level 5. HP: 30/30 MP: 5/5
  2388 | D:3      | Noticed Grinder
  2391 | D:3      | Paralysed by Grinder for 3 turns
  2399 | D:3      | Killed Grinder
  2400 | D:3      | Reached skill level 7 in Ranged Weapons
  2400 | D:3      | Reached XP level 6. HP: 25/35 MP: 6/6
  3077 | D:4      | Reached skill level 8 in Ranged Weapons
  3077 | D:4      | Reached XP level 7. HP: 33/40 MP: 7/7
  3087 | D:4      | Found a staircase to the Ecumenical Temple.
  3109 | D:4      | Found a glowing drain.
  3130 | Sewer    | Entered a sewer
  3436 | D:4      | Reached skill level 9 in Ranged Weapons
  3741 | D:4      | Reached XP level 8. HP: 35/44 MP: 8/8
  3924 | D:4      | Reached skill level 10 in Ranged Weapons
  4370 | Temple   | Entered the Ecumenical Temple
  4413 | Temple   | Became a worshipper of Warmaster Okawaru
  4470 | D:5      | Entered Level 5 of the Dungeon
  4536 | D:5      | Found Hallaoxor's Antique Armour Emporium.
  4543 | D:5      | Bought a shimmering robe for 159 gold pieces
  4543 | D:5      | Identified the +1 robe "Buutz" {rPois} (You bought it in a
                  | shop on level 5 of the Dungeon)
  4598 | D:5      | Noticed Sigmund
  4606 | D:5      | Killed Sigmund
  4911 | D:5      | Found a snail-covered altar of Cheibriados.
  5043 | D:5      | Reached skill level 11 in Ranged Weapons
  5153 | D:5      | HP: 1/44 [orc priest/divine providence (16)]
  5711 | D:5      | Found a sparkling altar of Nemelex Xobeh.
  5866 | D:6      | Reached * piety under Okawaru
  5873 | D:6      | Found a basalt altar of Yredelemnul.
  5930 | D:6      | Reached XP level 9. HP: 48/48 MP: 9/9
  5960 | D:6      | Reached skill level 12 in Ranged Weapons
  6025 | D:6      | Found an opulent altar of Gozag.
  6053 | D:6      | Found a runed translucent door.
  6081 | D:6      | Found a runed translucent door.
  6084 | D:6      | Noticed puppykicker's ghost (novice PaCA)
  6228 | D:6      | Found a burning altar of Makhleb.
  6228 | D:6      | Found a blossoming altar of Fedhas.
  6269 | D:6      | Found a bloodstained altar of Trog.
  6421 | D:6      | Reached skill level 1 in Evocations
  6732 | D:7      | Reached skill level 13 in Ranged Weapons
  6783 | D:7      | Reached ** piety under Okawaru
  6843 | D:7      | Found a radiant altar of Vehumet.
  6990 | D:7      | Found an ornate altar of the Wu Jian Council.
  7249 | D:7      | Reached skill level 14 in Ranged Weapons
  7290 | D:8      | Reached *** piety under Okawaru
  7291 | D:8      | Reached XP level 10. HP: 53/53 MP: 10/10
  7970 | D:8      | Found a white marble altar of Elyvilon.
  8017 | D:8      | Reached skill level 15 in Ranged Weapons
  8196 | D:8      | Found Duniups's Antique Armour Boutique.
  8240 | D:8      | Found a broken altar of Ashenzari.
  8353 | D:8      | Reached **** piety under Okawaru
  9467 | D:9      | Paralysed by a kobold brigand for 4 turns
  9520 | D:9      | Noticed Psyche
  9639 | D:9      | Reached ***** piety under Okawaru
  9655 | D:9      | Found a sacrificial altar of Ru.
  9796 | D:8      | Killed Psyche
  9797 | D:8      | Reached skill level 16 in Ranged Weapons
  9832 | D:10     | Entered Level 10 of the Dungeon
  9846 | D:10     | Reached XP level 11. HP: 51/57 MP: 11/11
  9864 | D:10     | Found Enesomesch's Antique Weapon Boutique.
  9867 | D:10     | Bought a bloodstained mace for 224 gold pieces
  9867 | D:10     | Identified the +9 mace of Aplaroxi {vamp, *Noise rPois rC++
                  | Str+3} (You bought it in a shop on level 10 of the Dungeon)
  9914 | D:10     | Found the +8 arc blade {discharge, rElec}
 10045 | D:10     | Noticed a two-headed ogre
 10081 | D:10     | Killed a two-headed ogre
 10664 | D:10     | Found a stormy altar of Qazlal.
 11043 | D:11     | Found a staircase to the Lair.
 11062 | D:11     | Reached skill level 1 in Short Blades
 11219 | D:11     | Found Qenouxut's Distillery.
 11259 | D:11     | Bought a potion of mutation for 120 gold pieces
 11541 | D:11     | Received a gift from Okawaru
 11616 | Lair:1   | Entered Level 1 of the Lair of Beasts
 11675 | Lair:1   | Reached skill level 17 in Ranged Weapons
 11740 | Lair:1   | Noticed a four-headed hydra
 11747 | Lair:1   | Killed a four-headed hydra
 12586 | Lair:2   | Reached XP level 12. HP: 59/62 MP: 12/12
 12590 | Lair:2   | Reached ****** piety under Okawaru
 13001 | Lair:3   | Reached skill level 18 in Ranged Weapons
 13016 | Lair:3   | Identified the +2 pair of boots of the Yeti {rCorr Dex-5
                  | Slay+3} (Okawaru gifted it to you on level 3 of the Lair of
                  | Beasts)
 13016 | Lair:3   | Received a gift from Okawaru
 13063 | Lair:3   | Found a white marble altar of Elyvilon.
 13070 | Lair:3   | Got the Volume of Inquiry
 13099 | Lair:3   | Noticed a four-headed hydra
 13107 | Lair:3   | Killed a four-headed hydra
 13190 | Lair:3   | Identified the +1 sling of Perversion {vorpal, rPois rF-
                  | Int+9 Stlth+}
 13569 | Lair:3   | Noticed a four-headed hydra
 13573 | Lair:3   | Killed a four-headed hydra
 14094 | Lair:4   | Reached skill level 19 in Ranged Weapons
 14198 | Lair:4   | Found a runed translucent gate.
 14198 | Lair:4   | Found a runed translucent gate.
 14198 | Lair:4   | Found a runed translucent gate.
 14199 | Lair:4   | Noticed Gofead's ghost (journeyman OpAr)
 14287 | Lair:4   | Found a staircase to the Shoals.
 14346 | Lair:4   | Received a gift from Okawaru
 14424 | Lair:4   | Reached skill level 5 in Short Blades
 14440 | Lair:4   | Reached XP level 13. HP: 48/66 MP: 13/13
 14461 | Lair:4   | Found a staircase to the Snake Pit.
 14764 | D:12     | Found a gate leading to a gauntlet.
 14808 | Gauntlet | Entered a Gauntlet
 14808 | Gauntlet | Found a transporter.
 14808 | Gauntlet | Found a transporter.
 14815 | Gauntlet | Found a transporter.
 14833 | Gauntlet | Found a transporter.
 14855 | Gauntlet | Found a transporter.
 14871 | Gauntlet | Found a transporter.
 14898 | Gauntlet | Noticed a dire elephant
 14956 | Gauntlet | Found a transporter.
 14970 | Gauntlet | Found a transporter.
 14985 | Gauntlet | Found a transporter.
 15048 | Gauntlet | Found a transporter.
 15118 | Gauntlet | Identified the +2 helmet "Giorhaen" {rCorr Str+7 Slay-2
                  | Stlth+}
 15134 | Gauntlet | Found a transporter.
 15136 | Gauntlet | Found the ring of the Octopus King
 15169 | Gauntlet | Found a transporter.
 15183 | Gauntlet | Found a transporter.
 15186 | Gauntlet | Found a transporter.
 15186 | Gauntlet | Found the +9 sword of Zonguldrok {reap}
 15187 | Gauntlet | Identified the ring "Wuulur" {*Corrode rPois Will+ Dex+7
                  | Stlth+}
 15358 | Gauntlet | Identified the amulet "Gerpha Qepsy" {Spirit Contam +Inv
                  | Str+4 SInv}
 15358 | Gauntlet | Noticed a minotaur
 15377 | Gauntlet | Killed a minotaur
 15378 | Gauntlet | Reached skill level 5 in Dodging
 15793 | D:12     | Received a gift from Okawaru
 15842 | D:12     | Reached skill level 20 in Ranged Weapons
 15902 | D:12     | Found a staircase to the Orcish Mines.
 16127 | D:12     | Found a white marble altar of Elyvilon.
 16213 | Orc:1    | Entered Level 1 of the Orcish Mines
 16222 | Orc:1    | Noticed an orc warlord
 16256 | D:12     | Killed an orc warlord
 16689 | Orc:2    | Entered Level 2 of the Orcish Mines
 17022 | Orc:2    | Found a staircase to the Elven Halls.
 17085 | Orc:2    | Found Rerilliu's Weapon Emporium.
 17270 | Orc:2    | Found Buatuh's Jewellery Shop.
 17611 | Orc:2    | Gained mutation: Your large and strong wings let you fly.
                  | [Gargoyle growth]
 17611 | Orc:2    | Reached XP level 14. HP: 72/72 MP: 14/14
 17616 | Orc:2    | Reached skill level 21 in Ranged Weapons
 17633 | Orc:2    | Identified the +1 pair of boots of Okawaru's Generosity
                  | {Harm} (Okawaru gifted it to you on level 2 of the Orcish
                  | Mines)
 17633 | Orc:2    | Received a gift from Okawaru
 17780 | Orc:2    | Found Odoos's Book Shop.
 17781 | Orc:2    | Found Kunn's Distillery.
 17823 | Orc:2    | Found Xeifraobb's Antique Weapon Boutique.
 17828 | Orc:2    | Bought a potion of mutation for 120 gold pieces
 17828 | Orc:2    | Bought a potion of mutation for 120 gold pieces
 17833 | Orc:2    | Bought a glowing shortbow for 204 gold pieces
 18574 | Lair:5   | Identified a scroll of acquirement
 18622 | Lair:5   | Found a staircase to the Slime Pits.
 18622 | Lair:5   | Found a viscous altar of Jiyva.
 18823 | Lair:5   | Reached skill level 22 in Ranged Weapons
 19087 | Lair:6   | Entered Level 6 of the Lair of Beasts
 19113 | Lair:6   | Identified the +0 pair of gloves of the Assorted Tusks
                  | {Rampage} (Okawaru gifted it to you on level 6 of the Lair
                  | of Beasts)
 19113 | Lair:6   | Received a gift from Okawaru
 19257 | Lair:6   | Found the +4 skin of Zhor {*Englaciate rC+++ SInv}
 19532 | Lair:6   | Found a large runed translucent door.
 19532 | Lair:6   | Found a large runed translucent door.
 19605 | Lair:6   | Reached XP level 15. HP: 76/76 MP: 15/15
 20112 | Lair:6   | Reached skill level 23 in Ranged Weapons
 20329 | Snake:1  | Entered Level 1 of the Snake Pit
 20331 | Snake:1  | Received a gift from Okawaru
 20623 | Snake:1  | Acquired 724 gold pieces
 21355 | Snake:2  | Received a gift from Okawaru
 21461 | Snake:2  | Identified the +1 robe of Cocytus {Str+3}
 21777 | Snake:2  | Found a runed translucent door.
 21786 | Snake:2  | Noticed Sabo's ghost (journeyman GrFi)
 21798 | Snake:2  | Killed Sabo's ghost
 21805 | Snake:2  | Identified the +1 scale mail of Xexor {Drain rF+ Str+9
                  | Dex-4}
 21996 | Snake:2  | Identified the ring of Debloj Xewi {Fly EV+4}
 22309 | Snake:3  | Noticed Asterion
 22311 | Snake:3  | Noticed a balrug
 22596 | Snake:3  | Found an ancient bone altar of Kikubaaqudgha.
 22695 | Snake:3  | Noticed a balrug
 22703 | Snake:3  | Killed Asterion
 22920 | Snake:3  | Noticed a nagaraja
 22931 | Snake:3  | Killed a nagaraja
 22932 | Snake:3  | Reached skill level 24 in Ranged Weapons
 22938 | Snake:3  | Reached XP level 16. HP: 40/80 MP: 8/16
 23471 | Snake:3  | Noticed a nagaraja
 23489 | Snake:3  | Killed a nagaraja
 23932 | Snake:4  | Entered Level 4 of the Snake Pit
 24095 | Snake:4  | Received a gift from Okawaru
 24594 | Snake:4  | Reached skill level 10 in Dodging
 25405 | Snake:4  | Reached skill level 25 in Ranged Weapons
 25425 | Snake:4  | Noticed a nagaraja
 25436 | Snake:4  | Killed a nagaraja
 25457 | Snake:4  | Noticed a nagaraja
 25463 | Snake:4  | Killed a nagaraja
 25483 | Snake:4  | Received a gift from Okawaru
 25496 | Snake:4  | Noticed a nagaraja
 25600 | Snake:4  | Noticed a nagaraja
 25604 | Snake:4  | Killed a nagaraja
 25662 | Snake:4  | Got a serpentine rune of Zot
 25805 | Shoals:1 | Entered Level 1 of the Shoals
 26237 | Shoals:4 | Entered Level 4 of the Shoals
 26609 | Shoals:4 | Reached XP level 17. HP: 84/84 MP: 17/17
 27555 | Shoals:3 | Noticed Bai Suzhen
 27749 | Shoals:4 | Identified the +0 buckler "Learph" {Str+2} (Okawaru gifted
                  | it to you on level 4 of the Shoals)
 27749 | Shoals:4 | Received a gift from Okawaru
 28455 | Shoals:4 | Reached skill level 1 in Invocations
 28721 | Shoals:4 | Reached skill level 5 in Fighting
 28753 | Shoals:4 | Identified the +6 longbow of Infinity {vorpal, Will++ rCorr
                  | Dex+2 Stlth-}
 28817 | Shoals:4 | Got a barnacled rune of Zot
 29156 | Lair:4   | Killed Gofead's ghost
 29270 | D:13     | Mangled by a titanic slime creature

Illustrated notes

Levels and vault maps discovered:
D:1:      heliophobic_arrival_dark_side_of_the_moon, layout_loops_ring,
          serial_shops, nicolae_square_shop, shapermc_ecumenical_altar_acropolis
D:2:      layout_rooms, basic_altar, uniq_crazy_yiuf_cottage
D:3:      layout_loops_cross, nicolae_overflow_hidden_temple,
          mainiacjoe_overflow_concentric_impassable, grunt_decor_clamped,
          uniq_grinder
D:4:      layout_basic, minmay_temple_entry_grid, cheibrodos_sewer_entry_drain,
          chequers_arboretum
D:5:      layout_basic, cheibrodos_worm_habitat, kennysheep_mini,
          kennysheep_mini_moat, serial_shops, shop, uniq_pikel, uniq_sigmund
D:6:      layout_basic, mainiacjoe_overflow_chevrons, marbit_many_paths,
          gammafunk_temple_overflow_forgotten, ebering_ghost_sewer_f
D:7:      layout_gridville, vehumet_statue, nicolae_wu_jian_wuxing_cycle,
          grunt_ministairs_9, minmay_holes, nrook_uturn
D:8:      layout_basic, mainiacjoe_overflow_catch_the_wave, serial_shops,
          nicolae_shop_waterfront
D:9:      layout_roguey, nicolae_ru_sacrificial_ziggurat, uniq_psyche
D:10:     layout_loops_corners, nicolae_qazlal_eye_of_the_storm, serial_shops,
          nicolae_shop_behind_doors
D:11:     layout_small_grid, lair_entry_dummy, serial_shops, shop_fountains
D:12:     layout_long_grid, erik_orc_1, gauntlet_entry_generic,
          nicolae_elyvilon_temple_path
D:13:     cheibrodos_body_horror, layout_loops_ring, david_vaults_2,
          portal_ice_cave_demonic_guard, serial_co_window_serial,
          co_window_corner_a, co_window_paths_a, co_window_paths_a,
          co_window_paths_a, co_window_of_opportunity_a,
          co_window_of_opportunity_a, co_window_cross_1, co_window_corner_b,
          co_window_unsneaky_path_d, co_window_corner_ca, co_window_paths_d,
          grunt_dithmenos_smoke_and_mirrors
Temple:   nicolae_temple_ecumenical_triangle
Lair:1:   layout_layer_cave, dreamdust_gnoll_shepherd, grunt_megastairs_5,
          serial_bayou_shore_b
Lair:2:   layout_gridlike
Lair:3:   layout_chaotic_city, basic_altar, st_stairs_3
Lair:4:   layout_misc_corridors, elwin_shoals_entry_stream,
          minmay_snake_entry_guardpost_medium, gammafunk_ghost_necromancy,
          beast_lair_carwin_4, infiniplex_staircase_pool, lemuel_fruit_tree
Lair:5:   layout_hall_layers, slime_entry_1, chequers_serial_rivers_micro_d,
          serial_bayou_shore_a
Lair:6:   cheibrodos_lair_end_hotspot, layout_misc_corridors,
          nicolae_quartered_pool_little, st_stairs_5,
          hellmonk_guarded_unrand_zhor
Shoals:1: layout_shoals
Shoals:2: layout_shoals, uniq_polyphemus
Shoals:3: layout_shoals, uniq_bai_suzhen, uniq_aizul
Shoals:4: shoals_end_grunt_ice, layout_shoals
Snake:1:  layout_grid_shapes
Snake:2:  layout_layer_cave, ebering_ghost_reflecting_pool
Snake:3:  layout_basic, basic_altar, uniq_asterion
Snake:4:  snake_pit, layout_cave_pods, abandoned_shop
Orc:1:    nicolae_orc_accident_2, layout_caves, basic_altar, uniq_sonja
Orc:2:    st_orc_open, layout_caves, serial_shops,
          nicolae_shop_bloodbath_and_beyond, mines3_lemuel

Skill      XL: |  1  2  3  4  5  6  7  8  9 10 11 12 13 14 15 16 17 |
---------------+----------------------------------------------------+-----
Ranged Weapons | 5 6 7 8 9 11 14 16 17 19 20 22 24 25 | 25.7
Evocations     | 1 2 3 4 |  4.5
Dodging        | 2 3 4 6 7 9 10 11 | 11.2
Short Blades   | 3 5 6 |  6.1
Fighting       | 5 |  5.4
Invocations    | 1 |  1.3
Stealth        | |  1.1

Action                   |  1- 3 |  4- 6 |  7- 9 | 10-12 | 13-15 | 16-18 || total
-------------------------+-------+-------+-------+-------+-------+-------++-------
Melee: Unarmed           |       |       |       |     1 |       |       ||     1
       Arbalest          |       |       |       |       |     1 |     1 ||     2
 Fire: Shortbow          |    84 |   103 |   388 |   346 |       |       ||   921
       Arbalest          |       |       |       |   281 |   865 |   679 ||  1825
Invok: Heroism           |       |       |       |     1 |       |     5 ||     6
Evoke: Wand              |       |       |    12 |    15 |     7 |     5 ||    39
  Use: Scroll            |     5 |     4 |    10 |    11 |    18 |    11 ||    59
       Potion            |       |     1 |     2 |     7 |     2 |     9 ||    21
Armor: Leather armour    |    19 |    25 |    79 |    27 |       |       ||   150
       Troll leather arm |       |       |       |   104 |    75 |       ||   179
       Skin              |       |       |       |     6 |       |       ||     6
       Animal skin       |       |       |       |       |    69 |   134 ||   203
Dodge: Dodged            |    29 |    28 |    98 |   168 |   269 |   295 ||   887

Table legend: (Time is in decaauts)
 A = Elapsed time spent in this place.
 B = Non-inter-level travel time spent in this place.
 C = Inter-level travel time spent in this place.
 D = Time resting spent in this place.
 E = Time spent auto-exploring this place.
 F = Levels seen in this place.
 G = Mean time per level.
                   A        B        C        D        E       F      G
               +--------+--------+--------+--------+--------+-----+--------+
         Total |  29253 |  27928 |   1325 |   4161 |  17284 |  32 |  914.2 |
       Dungeon |  12449 |  11729 |    720 |    521 |   9035 |  13 |  957.6 |
        Temple |     56 |     43 |     13 |      0 |     26 |   1 |   56.0 |
          Lair |   5614 |   5236 |    378 |    285 |   3831 |   6 |  935.7 |
        Shoals |   3114 |   3114 |      0 |   2008 |    119 |   4 |  778.5 |
     Snake Pit |   5406 |   5244 |    162 |    903 |   3079 |   4 | 1351.5 |
  Orcish Mines |   1794 |   1745 |     49 |    212 |    999 |   2 |  897.0 |
         Sewer |    177 |    177 |      0 |      0 |    127 |   1 |  177.0 |
      Gauntlet |    639 |    639 |      0 |    232 |     66 |   1 |  639.0 |
               +--------+--------+--------+--------+--------+-----+--------+

Top non-repeatable levels by time:
 Snake:3: 1923 daAuts
Shoals:4: 1783 daAuts
     D:4: 1702 daAuts
  Lair:4: 1449 daAuts
 Snake:2: 1283 daAuts
   Orc:2: 1283 daAuts
 Snake:4: 1280 daAuts
  Lair:6: 1180 daAuts
     D:8: 1168 daAuts
     D:7: 1165 daAuts
Shoals:3: 1127 daAuts
     D:3: 1084 daAuts
     D:1: 1043 daAuts
    D:10: 1020 daAuts
     D:5: 982 daAuts
